Cogmind - Beta 11.1 @@@ ROGUE MODE // 2022.06.18 @ 20:32:53 Player: SearedSteak Result: Destroyed by G-34 Mercenary with Small Laser Performance ------------- Evolutions (0) 0 Regions Visited (1) 200 Robots Destroyed (12) 60 Value Destroyed (242) 242 Prototype IDs (2) 40 Alien Tech Used (0) 0 Bonus (0) 0 TOTAL SCORE: 542 Bonus ------- None Cogmind --------- Core Integrity 0/250 Matter 27/300 Energy 0/100 System Corruption 5% Temperature Cool (6) Movement Core (400) Ox7 Location -10/Materials Parts ------- > --- POWER (1) -------- (None) > --- PROPULSION (2) --- (None) > --- UTILITY (2) ------ Large Storage Unit ECM Suite > --- WEAPON (2) ------- (None) > --- INVENTORY (15) --- Spread Laser Shotgun EMP Blaster Mining Claw Peak State ------------ > --- POWER ------------ Ion Engine > --- PROPULSION ------- Aluminum Leg Aluminum Leg > --- UTILITY ---------- Small Storage Unit ECM Suite > --- WEAPON ----------- Light Assault Rifle EMP Blaster > --- INVENTORY -------- Spread Laser Shotgun Mining Claw [Rating: 8] Favorites ----------- Power Ion Engine Engine Ion Engine Propulsion Aluminum Leg Treads Light Treads Leg Aluminum Leg Utility ECM Suite Device ECM Suite Storage Large Storage Unit Weapon Light Assault Rifle Ballistic Gun Light Assault Rifle Launcher EMP Blaster Build | -11 -10 ------- Run | Scr Mat Slots Evolved . | . . Power . | . . Propulsion . | . . Utility . | . . Weapon . | . . Parts Attached 13 | 6 7 Power 1 | 1 . Engine 1 | 1 . Core . | . . Reactor . | . . Propulsion 4 | 2 2 Treads 2 | . 2 Leg 2 | 2 . Wheel . | . . Hover . | . . Flight . | . . Utility 3 | 1 2 Device 1 | . 1 Storage 2 | 1 1 Processor . | . . Hackware . | . . Protection . | . . Artifact . | . . Weapon 5 | 2 3 Energy Gun . | . . Energy Cannon . | . . Ballistic Gun 3 | 2 1 Ballistic Cannon . | . . Launcher 2 | . 2 Special Weapon . | . . Impact Weapon . | . . Slashing Weapon . | . . Piercing Weapon . | . . Special Melee Weapon . | . . Unidentified Prototypes . | . . Parts Lost 4 | . 4 Power 1 | . 1 Propulsion 2 | . 2 Utility . | . . Weapon 1 | . 1 Highest Loss Streak 3 | . 3 To Critical Strikes . | . . Average Slot Usage (%) 92 | . 92 Engine 9 | . 9 Treads 9 | . 9 Leg 17 | . 17 Device 13 | . 13 Storage 14 | . 14 Ballistic Gun 16 | . 16 Launcher 9 | . 9 Naked Turns . | . . Heaviest Build 32 | 14 32 Greatest Support 40 | 20 40 Greatest Overweight (x) 1 | . 1 Average Overweight (x) . | . . Largest Inventory Capacity 15 | 8 15 Average Capacity 11 | 6 11 Most Carried 6 | 5 6 Average Carried 2 | 1 2 Final Capacity 15 | 8 15 Final Carried 4 | . 4 Class Distribution -------------------- 100% | Mutant Dominant Class ---------------- Mutant | -10/Materials Resources | -11 -10 ----------- Run | Scr Mat Matter Collected 196 | 170 26 Remotely . | . . Salvage Created 214 | . 214 Parts 15 | . 15 Haulers Intercepted . | . . Recyclers Shooed . | . . Parts Field Recycled . | . . Retrieved Matter . | . . Parts Self-Destructed . | . . Prevented . | . . Kills | -11 -10 ------- Run | Scr Mat Combat Hostiles Destroyed 7 | . 7 AOE 7 | . 7 Classes Destroyed 5 | . 5 Worker 2 | . 2 Recycler 1 | . 1 Watcher 2 | . 2 Swarmer 3 | . 3 Grunt 4 | . 4 Best Kill Streak 4 | . 4 Combat Bots Only 3 | . 3 Max Kills in Single Turn 4 | . 4 Gunslinging . | . . Exploded 3 | . 3 Melee . | . . Uniques/NPCs Destroyed . | . . Combat | -11 -10 -------- Run | Scr Mat Damage Taken 1035 | . 1035 Core 256 | . 256 Absorbed by Shields . | . . Core Remaining (%) 100 | 100 . Volleys Fired 17 | . 17 Largest 2 | . 2 Hottest 40 | . 40 Shots Fired 18 | . 18 Gun 3 | . 3 Cannon . | . . Launcher 15 | . 15 Special . | . . Kinetic 3 | . 3 Thermal . | . . Explosive 13 | . 13 Electromagnetic 2 | . 2 Robot Hit Streak 5 | . 5 Robot Miss Streak 1 | . 1 Penetration Max . | . . Secondary Targets . | . . Shots Hit Robots 7 | . 7 Core Hits 18 | . 18 Critical Kills . | . . Critical Parts Destroyed . | . . Critical Strikes . | . . Melee Attacks . | . . Impact . | . . Slashing . | . . Piercing . | . . Sneak Attacks . | . . Combat Hostiles . | . . Follow-up Attacks . | . . Damage Inflicted 815 | 5 810 Guns 13 | . 13 Cannons . | . . Explosions 791 | . 791 Melee . | . . Ramming 11 | 5 6 Kinetic 13 | . 13 Thermal 33 | . 33 Explosive 658 | . 658 Electromagnetic 100 | . 100 Impact . | . . Slashing . | . . Piercing . | . . Highest Corruption 5 | . 5 Average Corruption 4 | . 4 Corruption Purged . | . . Corruption Blocked . | . . Effects 12 | . 12 Message Errors 6 | . 6 Matter Fused 3 | . 3 Heat Flow Errors 1 | . 1 Energy Discharges 1 | . 1 Data Loss (major) 1 | . 1 Overload Shots . | . . Overflow Damage . | . . Projectiles . | . . Explosions . | . . Melee . | . . Knockbacks . | . . Impact . | . . Kinetic . | . . Secondary . | . . Self-Inflicted Damage 121 | . 121 Shots 6 | . 6 Rammed . | . . Targets Rammed 3 | 1 2 Kicked 3 | 1 2 Crushed . | . . Highest Temperature 98 | . 98 Average Temperature 21 | . 21 Received Heat Transfer 471 | . 471 Siege Activations . | . . Robots Corrupted . | . . Combat Hostiles . | . . Parts Fried . | . . Impact Corruptions . | . . Robots Melted . | . . Combat Hostiles . | . . Parts Melted . | . . Heat Transferred 50 | . 50 Parts Sabotaged . | . . Parts Stolen . | . . Parts Stripped . | . . Power Chain Reactions 1 | . 1 Missiles Intercepted . | . . Alert | -11 -10 ------- Run | Scr Mat Peak Influence 291 | . 291 Initial . | . . Average 120 | . 129 Maximum Alert Level 1 | . 1 Low Security (%) 77 | 100 75 Level 1 22 | . 24 Level 2 . | . . Level 3 . | . . Level 4 . | . . Level 5 . | . . High Security . | . . Max Security . | . . Squads Dispatched . | . . Investigation . | . . Extermination . | . . Reinforcement . | . . Assault . | . . Garrison . | . . Intercept . | . . Searches Triggered . | . . Construction Impeded . | . . Haulers Reinforced . | . . Active Scanning Responses . | . . Cargo Convoy Interrupts . | . . Stealth | -11 -10 --------- Run | Scr Mat Distress Signals . | . . Communications Jammed . | . . Distress Signals . | . . Times Spotted 13 | . 13 Peak Tracking Total 5 | . 5 Tactical Retreats . | . . Traps | -11 -10 ------- Run | Scr Mat Traps Triggered 3 | . 3 Indirectly . | . . Trap Hack Attempts . | . . Triggered . | . . Disarmed . | . . Reprogrammed . | . . Reused . | . . Traps Extracted . | . . Installed . | . . Triggered . | . . Machines | -11 -10 ---------- Run | Scr Mat Machines Disabled 1 | . 1 Max in Single Turn 1 | . 1 Machines Sabotaged . | . . Garrisons Compromised . | . . Overloaded Fab Kills . | . . Hacking | -11 -10 --------- Run | Scr Mat Machines Accessed 4 | . 4 Terminals 3 | . 3 Fabricators . | . . Repair Stations . | . . Recycling Units 1 | . 1 Scanalyzers . | . . Garrison Access . | . . Total Hacks 8 | . 8 Successful 7 | . 7 Failed 1 | . 1 Catastrophic . | . . Database Lockouts . | . . Manual . | . . Terminals 6 | . 6 Fabricators . | . . Repair Stations . | . . Recycling Units 2 | . 2 Scanalyzers . | . . Garrison Access . | . . Terminal Hacks 5 | . 5 Record 2 | . 2 Prototype ID Bank 1 | . 1 Alert Level 1 | . 1 Zone Layout 1 | . 1 Fabricator Hacks . | . . Repair Station Hacks . | . . Recycling Unit Hacks 2 | . 2 Process 1 | . 1 Report Inventory 1 | . 1 Scanalyzer . | . . Garrison Access Hacks . | . . Unauthorized Hacks . | . . Terminals . | . . Fabricators . | . . Repair Stations . | . . Recycling Units . | . . Scanalyzers . | . . Garrison Access . | . . Data Cores Recovered . | . . Used . | . . Hacking Detections 3 | . 3 Full Trace Events . | . . Feedback Events . | . . Feedback Blocked . | . . Robot Schematics Acquired . | . . Robots Built . | . . Authchips . | . . Time . | . . Total Robot Build Rating . | . . Part Schematics Acquired . | . . Parts Built . | . . Authchips . | . . Time . | . . Total Part Build Rating . | . . Parts Repaired . | . . Time . | . . Parts Recycled . | . . Recycled Matter 4 | . 4 Retrieved Matter . | . . Retrieved Components . | . . Parts Scanalyzed . | . . Part Schematics Acquired . | . . Parts Damaged . | . . Bothacking | -11 -10 ------------ Run | Scr Mat Used RIF Installer . | . . Robots Hacked . | . . Non-combat . | . . Combat . | . . Robot Hacks Applied . | . . Relay Couplers Released . | . . Fabnet Peak Effective % . | . . Robots Rewired . | . . Allies Hacked . | . . Hacks Repelled . | . . Allies | -11 -10 -------- Run | Scr Mat Total Allies . | . . Largest Group . | . . Highest-Rated Group . | . . Highest-Rated Ally . | . . Total Orders . | . . Ally Attacks . | . . Total Damage . | . . Kills . | . . Allies Corrupted . | . . Allies Melted . | . . Intel | -11 -10 ------- Run | Scr Mat Robot Analysis Total . | . . Derelict Logs Recovered . | . . Drone Launches . | . . Drone Recoveries . | . . Exploration | -11 -10 ------------- Run | Scr Mat Turns Passed 1101 | 70 1031 Spaces Moved 563 | 78 485 Core 61 | 61 . Treads 31 | . 31 Legs 471 | 17 454 Wheels . | . . Hover . | . . Flight . | . . Fastest Speed 50 | 50 120 Average Speed 125 | 65 134 Slowest Speed 190 | 120 190 Overloaded Moves . | . . Propulsion Burnouts . | . . Robots Hopped . | . . Cave-ins Triggered . | . . Exploration Rate (%) 25 | 3 48 Regions Visited 1 Branch Regions . Pre-discovered Areas . | . . Known Exits Taken . | . . Unknown Exits Taken 1 | 1 . Scrap Searched . | . . Spaces Dug 8 | . 8 Terrain Destroyed 84 | . 84 Melee . | . . Projectile . | . . AOE 84 | . 84 Terrain Rammed . | . . Walls Destroyed . | . . Machines Disabled . | . . Actions | -11 -10 --------- Run | Scr Mat Total 941 | 96 845 Wait 324 | 7 317 Move 562 | 77 485 Hop . | . . Pick Up 15 | 5 10 Fast Attach 1 | 1 . Attach 7 | 5 2 Detach 1 | . 1 Swap 5 | . 5 Drop 6 | . 6 Fire 17 | . 17 Melee . | . . Ram . | . . Kick 3 | 1 2 Crush . | . . Escape Stasis . | . . Rewire . | . . Trap . | . . Miscellaneous . | . . Route ------- -11/Scrapyard -10/Materials (discovered 3 exits: [*Mat x2] / [*Min]) History --------- Turn | Location | Event 17 | -11/Scrapyard | Discovered new exit (range 14) 71 | -11/Scrapyard | Entered Materials 308 | -10/Materials | Build established: Mutant 335 | -10/Materials | Discovered new exit (range 16) 460 | -10/Materials | Discovered new exit (range 18) 707 | -10/Materials | Discovered new exit (range 14) 1003 | -10/Materials | Core integrity fell below 50% 1083 | -10/Materials | Core integrity fell below 20% 1102 | -10/Materials | Destroyed by G-34 Mercenary with Small Laser Last Messages --------------- R-06 Scavenger collects Corrupted Lgt. Assault Rifle. System corrupted: Heat flow error (+123). K-01 Serf cleans the Terminal. R-06 Scavenger collects Corrupted Flight Unit. R-06 Scavenger collects Corrupted Lgt. Assault Rifle. R-06 Scavenger collects Lgt. Assault Rifle. VY&KPO>F681Z=4,|9&| U-05 Engineer destroyed. R-06 Scavenger collects Wheel. R-06 Scavenger collects Lgt. Ion Engine. R-06 Scavenger collects Wheel. G-34 Mercenary destroyed. C%W